 Dungeon Crawl Stone Soup version 0.30-a0-632-g346586fe48 (webtiles) character file.

Game seed: 18273482104735252931

3299 Newt the Trooper (level 9, 0/63 HPs)
             Began as a Demonspawn Gladiator on Jan 13, 2023.
             Was a Follower of Hepliaklqana.
             Slain by a wraith (5 damage)
             ... on level 7 of the Dungeon.
             The game lasted 00:07:33 (7578 turns).

Newt the Trooper (Demonspawn Gladiator)             Turns: 7578, Time: 00:07:34

Health: 0/63       AC: 17    Str: 25    XL:     9   Next: 70%
Magic:  18/18      EV: 10    Int:  9    God:    Hepliaklqana [*.....]
Gold:   467        SH:  0    Dex: 20    Spells: 8/8 levels left

rFire   . . .      SeeInvis .    t - +2 hand axe (freeze)
rCold   . . .      Faith    .    f - orb {light}
rNeg    . . .      Spirit   .    p - +6 chain mail "Cius Bompi" {Dex+5}
rPois   .          Reflect  .    c - +0 helmet
rElec   .          Harm     .    (no cloak)
rCorr   .          Rampage  .    (no gloves)
Will    .....                    (no boots) Stlth
                                 B - amulet of regeneration
HPRegen 2.10/turn                G - +6 ring of strength
MPRegen 0.16/turn                j - ring of magical power

@: mighty, brilliant, on berserk cooldown, slowed, glowing, very slow
A: reduced essence, claws 1, hooves 2, powered by death 1, powered by pain 2
a: Renounce Religion, Recall Ancestor, Ancestor Identity


You were on level 7 of the Dungeon.
You worshipped Hepliaklqana.
Hepliaklqana was aware of your devotion.
You visited 2 branches of the dungeon, and saw 8 of its levels.
You also visited: Sewer.

You collected 467 gold pieces.

Inventory:

Hand Weapons
 a - a +0 rapier
 t - a +2 hand axe of freezing (weapon)
Missiles
 d - 3 throwing nets (quivered)
 e - a javelin
 k - 7 boomerangs
 q - 4 poisoned darts
Armour
 b - a +0 leather armour
 c - a +0 helmet (worn)
 f - an orb of light (worn)
 p - the +6 chain mail "Cius Bompi" (worn) {Dex+5}
   (You found it on level 3 of the Dungeon)

   Dex:       It affects your dexterity (+5).
Jewellery
 g - a ring of protection from cold
 j - a ring of magical power (right claw)
 u - a ring of resist corrosion
 B - an amulet of regeneration (around neck)
 G - a +6 ring of strength (left claw)
Wands
 n - a wand of mindburst (14)
 z - a wand of roots (9)
 D - a wand of polymorph (6)
Scrolls
 h - a scroll of immolation
 w - a scroll of blinking
 y - 2 scrolls of teleportation
 H - a scroll of magic mapping
 I - a scroll of vulnerability {unknown}
Potions
 i - 3 potions of haste
 l - 5 potions of heal wounds
 m - a potion of lignification
 o - a potion of resistance {unknown}
 r - 2 potions of might
 s - a potion of flight {unknown}
 v - a potion of brilliance
 x - 2 potions of curing
 C - a potion of berserk rage
 E - a potion of attraction {unknown}
 F - a potion of mutation {unknown}
 J - a potion of ambrosia {unknown}


   Skills:
 + Level 6.4 Fighting
 - Level 2.6 Short Blades
 - Level 6.0 Axes
 - Level 5.0 Throwing
 - Level 5.0 Armour
 - Level 2.6 Dodging
 - Level 3.0 Stealth
 - Level 6.0 Evocations


You had 8 spell levels left.
You didn't know any spells.
Your spell library contained the following spells:

 Spells                   Type           Power      Damage    Failure   Level
 Magic Dart               Conj           0%         1d3       95%         1
 Summon Small Mammal      Summ           0%         N/A       95%         1
 Call Imp                 Summ           0%         N/A       98%         2
 Call Canine Familiar     Summ           0%         N/A       100%        3
 Ignite Poison            Fire/Tmut/Pois 0%         N/A       100%        3
 Kindle Blastsparks       Fire/Tloc/Air  0%         2d10      100%        3
 Mephitic Cloud           Conj/Pois/Air  0%         N/A       100%        3
 Summon Guardian Golem    Hex/Summ       0%         N/A       100%        3
 Passage of Golubria      Tloc           0%         N/A       100%        4
 Freezing Cloud           Conj/Ice/Air   0%         6-21      100%        5
 Silence                  Hex/Air        0%         N/A       100%        5
 Lehudib's Crystal Spear  Conj/Erth      0%         10d2      100%        8


Dungeon Overview and Level Annotations

Branches:
Dungeon (7/15)             Temple (1/1) D:4           Sewer (visited)

Altars:
Ashenzari
Cheibriados
Dithmenos
Fedhas
Gozag
Hepliaklqana
Kikubaaqudgha
Makhleb
Nemelex Xobeh
Okawaru
Qazlal
Ru
Sif Muna
Trog
Uskayaw
Vehumet
Wu Jian
Xom

Shops:
D:6 (

Annotations:
D:7 1 transporter


Innate Abilities, Weirdness & Mutations

Your life essence is reduced to manifest your ancestor. (-10% HP)
You have sharp fingernails.
You have hoof-like feet.
You regenerate a little health from kills.
You sometimes gain power by taking damage.


Message History

You completely miss the cyan ugly thing.
You hit the wraith but do no damage. The wraith barely misses you.
Leofdaeg hits the wraith.
The boulder beetle leaps!
The wraith hits you! The wraith drains your vigour!
You feel yourself slow down.
The cyan ugly thing gores you but does no damage.
Your Fighting skill gained 2 levels and is now at level 6!
You hit the cyan ugly thing. You freeze the cyan ugly thing.
Your kick misses the cyan ugly thing.
The cyan ugly thing is lightly wounded.
You completely miss the wraith. x2; The wraith hits you!
The wraith drains your vigour!
You feel as though you will be slow longer.
Leofdaeg barely misses the wraith.
The boulder beetle curls into a ball and begins rolling!
The wraith hits you.
The cyan ugly thing gores you but does no damage.
You barely miss the cyan ugly thing. You kick the cyan ugly thing!
The cyan ugly thing is heavily wounded.
You barely miss the wraith. You hit the wraith. The wraith hits you!
Leofdaeg misses the wraith.
The wraith closely misses you.
The cyan ugly thing gores you but does no damage.
You slash the cyan ugly thing! You freeze the cyan ugly thing.
You kick the cyan ugly thing!
The cyan ugly thing is severely wounded.
You hit the wraith. x2; Leofdaeg hits the wraith.
The wraith closely misses you. The wraith completely misses you.
The cyan ugly thing gores you but does no damage.
You barely miss the cyan ugly thing. You kick the cyan ugly thing!
The cyan ugly thing is almost dead.
You hit the wraith but do no damage. x2
You are no longer berserk.
You are exhausted.
You feel as though you will be slow longer.
The wraith barely misses you.
Leofdaeg hits the wraith!
The wraith is destroyed!
The boulder beetle hits you!!
* * * LOW HITPOINT WARNING * * *
The boulder beetle stops rolling and uncurls.
The wraith hits you.
You die...

.............####........ .....
.............# ##..#..... ......
............####..##.............
.....<......###..................
#...............©.......# #......
#...........#########..####......
....###..#.##8.....8##...........
...........#...W.)...#..........#
##.........#...R@u...#..#.......#
#...#.###.#.....B...#...........
##..#..##.#©.....○..#...........
##.....#.#.......°.#...#....###
#......#.#.......°.#.######.# #
##.....#.#..()$$!..#.# ###
#####.#.##8$_._$8##.#
#.#..#########..#
#........©.....##


You could see the friendly Leofdaeg the ancestor, a boulder beetle, a cyan ugly
thing and a wraith.

Vanquished Creatures
  A two-headed ogre (D:7)
  Pikel (D:5)
  Grinder (D:5)
  A steam dragon (D:6)
  Edmund (D:5)
  A water moccasin (D:6)
  2 ice beasts (D:6)
  An ogre (D:6)
  A sky beast (D:6)
  A black bear (D:4)
  A phantom (D:3)
  A lemure (D:5)
  A gnoll sergeant (D:7)
  2 bullfrogs
  A necrophage (D:5)
  3 scorpions
  A howler monkey (D:6)
  5 hounds
  A jelly (D:6)
  Ijyb (D:5)
  3 iguanas
  2 orc wizards
  9 adders
  8 gnolls
  3 shadow imps (D:6)
  3 white imps
  6 worms
  3 dart slugs
  15 orcs
  2 bats
  7 endoplasms
  3 giant cockroaches
  7 hobgoblins
  14 kobolds
  A quokka (D:1)
  10 ball pythons
  3 frilled lizards
  4 goblins
  9 rats
140 creatures vanquished.

Vanquished Creatures (collateral kills)
  A wraith (D:7)
  An iguana (D:6)
  A gnoll (D:7)
3 creatures vanquished.

Vanquished Creatures (others)
  A rat (D:3)
  16 plants
17 creatures vanquished.

Grand Total: 160 creatures vanquished

Notes
Turn   | Place    | Note
-------+----------+-------------------------------------------
     0 | D:1      | Newt the Demonspawn Gladiator began the quest for the Orb.
     0 | D:1      | Reached XP level 1. HP: 16/16 MP: 1/1
   200 | D:1      | Reached skill level 1 in Stealth
   233 | D:1      | Gained mutation: You regenerate a little health from kills.
                  | [demonic ancestry]
   233 | D:1      | Reached XP level 2. HP: 21/22 MP: 2/2
  1172 | D:2      | HP: 1/22 [adder (3)]
  1174 | D:2      | Discovered your monstrous ancestry.
  1174 | D:2      | Gained mutation: You have large cloven feet. [demonic
                  | ancestry]
  1174 | D:2      | Reached XP level 3. HP: 2/27 MP: 3/3
  2313 | D:2      | Gained mutation: You sometimes gain a little power by
                  | taking damage. [demonic ancestry]
  2313 | D:2      | Reached XP level 4. HP: 34/34 MP: 4/4
  2756 | D:3      | Identified the +6 chain mail "Cius Bompi" {Dex+5}
  2800 | D:3      | Found a shimmering altar of Xom.
  2800 | D:3      | Noticed a phantom
  2824 | D:3      | Killed a phantom
  2825 | D:3      | Gained mutation: You have hoof-like feet. [demonic
                  | ancestry]
  2825 | D:3      | Reached XP level 5. HP: 35/42 MP: 5/5
  3887 | D:4      | Reached XP level 6. HP: 46/48 MP: 6/6
  3950 | D:4      | Found an ornate altar of the Wu Jian Council.
  4116 | D:4      | Found a staircase to the Ecumenical Temple.
  4225 | Temple   | Entered the Ecumenical Temple
  4316 | Temple   | Became a worshipper of Hepliaklqana the Forgotten
  4658 | D:4      | Reached skill level 5 in Throwing
  4774 | D:5      | Entered Level 5 of the Dungeon
  4792 | D:5      | Reached skill level 1 in Axes
  4792 | D:5      | Gained mutation: You sometimes gain power by taking damage.
                  | [demonic ancestry]
  4792 | D:5      | Reached XP level 7. HP: 54/54 MP: 7/7
  4793 | D:5      | Noticed Grinder
  4794 | D:5      | Found a burning altar of Makhleb.
  4814 | D:5      | Killed Grinder
  4910 | D:5      | Found a glowing drain.
  4916 | D:5      | Noticed Pikel
  4929 | D:5      | Killed Pikel
  4930 | D:5      | Reached skill level 1 in Armour
  4930 | D:5      | Gained mutation: You have sharp fingernails. [demonic
                  | ancestry]
  4930 | D:5      | Reached XP level 8. HP: 18/60 MP: 8/8
  4935 | Sewer    | Entered a sewer
  5416 | D:5      | Noticed Ijyb
  5423 | D:5      | Killed Ijyb
  5616 | D:5      | Found a stormy altar of Qazlal.
  5617 | D:5      | Noticed Edmund
  5634 | D:5      | Killed Edmund
  5997 | D:5      | Found an opulent altar of Gozag.
  6441 | D:6      | Reached skill level 5 in Armour
  6441 | D:6      | Reached skill level 1 in Evocations
  6613 | D:6      | Reached * piety under Hepliaklqana
  6734 | D:6      | Found Femetiurr's Weapon Shop.
  6939 | D:6      | Found a shadowy altar of Dithmenos.
  7012 | D:6      | Reached XP level 9. HP: 45/58 MP: 9/9
  7131 | D:6      | Identified the +7 dagger of Koinav Wote {venom, rElec
                  | Dex+5}
  7277 | D:6      | Reached skill level 5 in Evocations
  7498 | D:7      | Noticed a boulder beetle
  7500 | D:7      | Noticed a cyan ugly thing
  7501 | D:7      | Found a transporter.
  7501 | D:7      | Noticed a two-headed ogre
  7502 | D:7      | Found a sparkling altar of Nemelex Xobeh.
  7508 | D:7      | Found a transporter.
  7574 | D:7      | Killed a two-headed ogre
  7578 | D:7      | Slain by a wraith

Illustrated notes

Levels and vault maps discovered:
D:1:      eino_arrival_water_star, layout_basic, minivault_27,
          lexackson_kobold_supper
D:2:      layout_loops_ring
D:3:      layout_rooms, xom_confusion_cloud, hangedman_decor_growths,
          chequers_serial_rivers_large_a, saegor_snake_ambush
D:4:      layout_basic, pdpol_wu_jian_five_deadly_venoms,
          minmay_temple_entry_junction
D:5:      layout_loops_ring, nicolae_qazlal_general_emergency,
          old_standard_altar, grunt_gozag_breadcrumbs,
          cheibrodos_sewer_entry_sluice, uniq_edmund, uniq_pikel, uniq_grinder,
          uniq_ijyb
D:6:      minmay_razor_zed, layout_loops_ring,
          nicolae_dithmenos_through_a_glass_darkly, serial_shops,
          nicolae_shop_hallway_stairs, kennysheep_boxes
D:7:      layout_cave_pools, gammafunk_temple_overflow_arena
Temple:   nicolae_temple_hex_pool

Skill      XL: |  1  2  3  4  5  6  7  8  9 |
---------------+----------------------------+-----
Stealth        | 1 2 3 |  3.0
Fighting       | 4 6 |  6.4
Throwing       | 2 3 5 |  5.0
Axes           | 1 6 |  6.0
Armour         | 1 5 |  5.0
Evocations     | 3 6 |  6.0
Short Blades   | |  2.6
Dodging        | |  2.6

Action                   |  1- 3 |  4- 6 |  7- 9 || total
-------------------------+-------+-------+-------++-------
Melee: Rapier            |   131 |    62 |       ||   193
       Punch             |     1 |       |       ||     1
       Kick              |    16 |    47 |    76 ||   139
       Hand axe          |       |    70 |   223 ||   293
Throw: Javelin           |     1 |       |       ||     1
       Throwing net      |       |       |     1 ||     1
  Use: Scroll            |     2 |     5 |     4 ||    11
       Potion            |       |       |     4 ||     4
 Stab: Sleeping          |     1 |       |       ||     1
       Confused          |       |     1 |       ||     1
Armor: Leather armour    |    31 |     5 |       ||    36
       Chain mail        |       |    80 |   128 ||   208
Dodge: Dodged            |    66 |    56 |    94 ||   216

Table legend: (Time is in decaauts)
 A = Elapsed time spent in this place.
 B = Non-inter-level travel time spent in this place.
 C = Inter-level travel time spent in this place.
 D = Time resting spent in this place.
 E = Time spent auto-exploring this place.
 F = Levels seen in this place.
 G = Mean time per level.
                   A        B        C        D        E       F      G
               +--------+--------+--------+--------+--------+-----+--------+
         Total |   7718 |   7559 |    159 |   1734 |   4683 |   9 |  857.6 |
       Dungeon |   7089 |   6949 |    140 |   1550 |   4409 |   7 | 1012.7 |
        Temple |     94 |     75 |     19 |      0 |     61 |   1 |   94.0 |
         Sewer |    533 |    533 |      0 |    184 |    212 |   1 |  533.0 |
               +--------+--------+--------+--------+--------+-----+--------+

Top non-repeatable levels by time:
     D:2: 1523 daAuts
     D:4: 1212 daAuts
     D:5: 1146 daAuts
     D:1: 1139 daAuts
     D:6: 1035 daAuts
     D:3: 873 daAuts
   Sewer: 533 daAuts
     D:7: 159 daAuts
  Temple: 94 daAuts
